 Dungeon Crawl Stone Soup version 0.31.0-32-g396128a36d (webtiles) character file.

Game seed: 1540395815621545118

58 atomiclemming the Chopper (level 4, -2/45 HPs)
             Began as an Oni Gladiator on Apr 1, 2024.
             Incinerated by a bombardier beetle (6 damage)
             ... with a burning spray
             ... on level 2 of the Dungeon.
             The game lasted 00:09:31 (1129 turns).

atomiclemming the Chopper (Oni Gladiator)           Turns: 1129, Time: 00:09:32

Health: -2/45      AC:  3    Str: 18    XL:     4   Next: 1%
Magic:  4/4        EV: 10    Int:  9    God:
Gold:   63         SH:  0    Dex: 12    Spells: 3/3 levels left

rFire   . . .        r - +7 mace "Tiupupt" {flame, Will++}
rCold   . . .        (no shield)
rNeg    . . .        b - +0 robe
rPois   .            c - +0 hat
rElec   .            (no cloak)
rCorr   .            (gloves unavailable)
SInv    .            (boots unavailable)
Will    ++...        (no amulet)
Stlth   +            s - ring of wizardry
HPRegen 0.27/turn    (no ring)
MPRegen 0.09/turn

%: wizardry (x1)
@: on fire, glowing
A: large, unfitting armour, horns 1, tough skin 1, double potion healing,
drunken brawling
a: no special abilities


You were on level 2 of the Dungeon.
You visited 1 branch of the dungeon, and saw 2 of its levels.

You collected 63 gold pieces.

Inventory:

Hand Weapons
 a - a +0 war axe
 g - a +0 club
 h - a +0 short sword of protection
 r - the +7 mace "Tiupupt" (weapon) {flame, Will++}
   (You found it on level 2 of the Dungeon)

   Will++:    It greatly increases your willpower.
Missiles
 d - 3 throwing nets
 e - a large rock (quivered)
Armour
 b - a +0 robe (worn)
 c - a +0 hat (worn)
Magical Staves
 f - a staff of fire
Jewellery
 s - a ring of wizardry (left hand)
Scrolls
 l - a scroll of identify
 m - a scroll of immolation {unknown}
 n - a scroll of fear {unknown}
 p - a scroll of teleportation {unknown}
Potions
 i - a potion of mutation
 j - a potion of cancellation {unknown}
 k - a potion of curing {unknown}
 o - 2 potions of degeneration {unknown}
 q - a potion of brilliance {unknown}


   Skills:
 + Level 3.2 Fighting
 + Level 0.2 Short Blades
 + Level 3.7 Axes
 + Level 2.1 Throwing
 + Level 3.4 Dodging
 + Level 0.1 Stealth


You had 3 spell levels left.
You didn't know any spells.
Your spell library contained the following spells:

 Spells                   Type           Power      Damage    Failure   Level
 Slow                     Hex            0%         N/A       16%         1
 Confusing Touch          Hex            0%         N/A       43%         3
 Sigil of Binding         Hex            0%         N/A       43%         3
 Vampiric Draining        Necr           0%         2d6       43%         3
 Leda's Liquefaction      Alch/Erth      0%         N/A       82%         4
 Lee's Rapid Deconstruct  Erth           0%         3d4*      98%         5
 Bombard                  Conj/Erth      0%         9d1       100%        6


Dungeon Overview and Level Annotations

Branches:
Dungeon (2/15)

Altars:


Innate Abilities, Weirdness & Mutations

You are too large for most types of armour.
You have a pair of small horns on your head.
You have tough skin. (AC +1)
You gain doubled healing and magic from potions.
Whenever you drink a healing potion, you attack all around you.


Message History

The kobold throws a stone.
The stone closely misses you.
The bombardier beetle sprays incendiary fluid at you.
The burning spray hits you.
You are covered in liquid fire!
A frilled lizard comes into view.
The kobold throws a stone.
The stone completely misses you.
The frilled lizard hisses angrily.
You shake off some of the fire as you move.
The liquid fire burns you!
The kobold throws a stone.
The stone misses you.
The bombardier beetle bites you but does no damage.
You hit the bombardier beetle. You burn the bombardier beetle.
The bombardier beetle is moderately wounded.
The liquid fire burns you!
You hit the bombardier beetle. You burn the bombardier beetle.
You headbutt the bombardier beetle.
The bombardier beetle is almost dead.
The liquid fire burns you!
The bombardier beetle sprays incendiary fluid at you.
The burning spray hits you.
You are even more covered in liquid fire!
You sock the frilled lizard! You burn the frilled lizard.
You kill the frilled lizard!
The liquid fire burns you! The kobold hits you with a +0 whip.
The bombardier beetle barely misses you.
The kobold hits you with a +0 whip.
You shake off some of the fire as you move.
The liquid fire burns you!
* * * LOW HITPOINT WARNING * * *
The kobold hits you but does no damage. The bombardier beetle bites you.
* * * LOW HITPOINT WARNING * * *
You closely miss the kobold. The liquid fire burns you!
* * * LOW HITPOINT WARNING * * *
The kobold hits you but does no damage.
You thump the kobold! You burn the kobold.
You kill the kobold!
The liquid fire burns you!
You die...

....<.......###'##......####.....
............###.###...... .....
.....###................. .....
...#.. +...####'###...... ....
...#####...##.......... ...
###............. ...
.#.........#... ........)..# ..
...##...@..# .......B...#
...........# .#.........#
#.##........ #. #.###..... # #+
..#... ..#...


You could see a bombardier beetle.

Vanquished Creatures
  An adder (D:2)
  A gnoll (D:1)
  A dart slug (D:1)
  4 ball pythons
  2 bats (D:1)
  5 endoplasms (D:1)
  2 giant cockroaches
  3 goblins
  2 hobgoblins
  5 kobolds
  2 quokkas
  4 frilled lizards
  4 rats (D:1)
36 creatures vanquished.

Notes
Turn   | Place    | Note
-------+----------+-------------------------------------------
     0 | D:1      | atomiclemming the Oni Gladiator began the quest for the
                  | Orb.
     0 | D:1      | Reached XP level 1. HP: 22/22 MP: 1/1
    83 | D:1      | Reached XP level 2. HP: 7/29 MP: 2/2
   362 | D:1      | Reached XP level 3. HP: 23/37 MP: 3/3
   961 | D:2      | Identified the +7 mace "Tiupupt" {flame, Will++}
  1093 | D:2      | Reached XP level 4. HP: 44/45 MP: 4/4
  1129 | D:2      | Incinerated by a bombardier beetle

Illustrated notes

Levels and vault maps discovered:
D:1:      wander_arrival_chamber, layout_loops_ring
D:2:      layout_basic

Skill      XL: |  1  2 |
---------------+-------+-----
Dodging        | 3 |  3.4
Fighting       | 3 |  3.2
Short Blades   | |  0.2
Axes           | |  3.7
Throwing       | |  2.1
Stealth        | |  0.1

Action                     |  1- 3 |  4- 6 || total
---------------------------+-------+-------++-------
  Melee: War axe           |    23 |       ||    23
         Headbutt          |     8 |     1 ||     9
         Short sword       |    63 |       ||    63
         Punch             |     2 |       ||     2
         Mace              |    11 |     5 ||    16
    Use: Scroll            |     2 |       ||     2
 Armour: Robe              |    51 |     6 ||    57
  Dodge: Dodged            |    51 |     4 ||    55
